 Dungeon Crawl Stone Soup version 0.31.0-9-g3a7656b989 (webtiles) character file.

Game seed: 13392731916508240191

57441 tacotaco the Bludgeoner (level 14, 0/130 HPs)
             Began as a Minotaur Fighter on Jan 22, 2024.
             Was the Champion of Okawaru.
             Slain by a merfolk impaler
             ... wielding a +2 trident of freezing
              (2 damage)
             ... on level 1 of the Shoals on Jan 24, 2024.
             The game lasted 00:46:36 (17840 turns).

tacotaco the Bludgeoner (Minotaur Fighter)         Turns: 17840, Time: 00:46:37

Health: 0/130      AC: 40    Str: 25    XL:     14   Next: 45%
Magic:  13/13      EV:  9    Int:  5    God:    Okawaru [******]
Gold:   968        SH:  6    Dex: 11    Spells: 13/13 levels left

rFire   . . .        G - +7 Throatcutter {drain, coup de grace}
rCold   . . .        c - +0 buckler
rNeg    . . .        y - +15 Maxwell's patent armour {-Cast -Tele rElec Will+ rCorr}
rPois   +            (helmet restricted)
rElec   +            o - +2 cloak
rCorr   +            (no gloves)
SInv    .            v - +1 pair of boots
Will    ++...        (no amulet) Stlth
                     t - +4 ring of slaying
HPRegen 0.00/turn    D - ring of poison resistance
MPRegen 0.13/turn

%: no teleportation, no spellcasting
@: engulfed (cannot breathe), inhibited regen, very slow
A: horns 2, retaliatory headbutt, iridescent scales 1, mutation resistance 1,
inhibited regeneration
a: Renounce Religion, Heroism, Finesse, Duel


You were on level 1 of the Shoals.
You worshipped Okawaru.
Okawaru was exalted by your worship.
You visited 4 branches of the dungeon, and saw 17 of its levels.

You collected 968 gold pieces.

Inventory:

Hand Weapons
 l - the +1 mace of the Keeping Vulture {antimagic, rN+ Dex+2}
   (You found it on level 5 of the Lair of Beasts)

   Dex+2:     It affects your dexterity (+2).
   rN+:       It protects you from negative energy.
 A - the +7 morningstar of the Unseen Realm {speed, rN++ Stlth+}
   (Okawaru gifted it to you on level 9 of the Dungeon)

   rN++:      It greatly protects you from negative energy.
   Stlth+:    It makes you more stealthy.
 G - the +7 Throatcutter (weapon) {drain, coup de grace}
   (You found it on level 5 of the Lair of Beasts)
Missiles
 b - 2 throwing nets
 g - 10 javelins
 r - 3 silver javelins
Armour
 c - a +0 buckler (worn)
 o - a +2 cloak (worn)
 v - a +1 pair of boots (worn)
 y - the +15 Maxwell's patent armour (worn) {-Cast -Tele rElec Will+ rCorr}
   (Okawaru gifted it to you on level 9 of the Dungeon)

   rElec:     It insulates you from electricity.
   Will+:     It increases your willpower.
   -Cast:     It prevents spellcasting.
   -Tele:     It prevents most forms of teleportation.
   rCorr:     It protects you from acid and corrosion.
Jewellery
 t - a +4 ring of slaying (left hand)
 w - a +6 ring of intelligence
 D - a ring of poison resistance (right hand)
 F - the ring "Urchunarr" {Ice rCorr Int+2}
   (You found it on level 5 of the Lair of Beasts)

   [ring of ice]

   Ice:       It enhances your ice magic.
   Int+2:     It affects your intelligence (+2).
   rF-:       It makes you vulnerable to fire.
   rC+:       It protects you from cold.
   rCorr:     It protects you from acid and corrosion.
Wands
 i - a wand of mindburst (7)
 p - a wand of flame (24) (quivered)
 H - a wand of iceblast (8)
Scrolls
 f - 4 scrolls of vulnerability
 h - 3 scrolls of fog
 j - a scroll of immolation
 m - 4 scrolls of teleportation
 s - 9 scrolls of identify
 u - a scroll of enchant weapon
 B - a scroll of fear
 I - a scroll of revelation {unknown}
Potions
 a - 3 potions of resistance
 d - 5 potions of might
 e - 2 potions of attraction
 k - 2 potions of cancellation
 n - 2 potions of enlightenment
 q - 2 potions of curing
 x - 16 potions of ambrosia
 z - a potion of berserk rage
 C - 2 potions of brilliance
 E - 2 potions of haste {unknown}


   Skills:
 + Level 13.9 Fighting
 + Level 0.8 Long Blades
 + Level 17.0 Maces & Flails
 + Level 11.9 Polearms
 + Level 14.9 Armour
 + Level 4.0 Dodging
 + Level 1.8 Stealth
 + Level 10.9 Shields
 + Level 0.2 Invocations


You had 13 spell levels left.
You didn't know any spells.
Your spell library contained the following spells:

 Spells                   Type           Power      Damage    Failure   Level
 Shock                    Conj/Air       0%         1d3       99%         1
 Ensorcelled Hibernation  Hex/Ice        0%         N/A       100%        2
 Passwall                 Erth           0%         N/A       100%        3
 Swiftness                Air            0%         N/A       100%        3
 Teleport Other           Tloc           0%         N/A       100%        3
 Airstrike                Air            0%         2d(0-16)  100%        4
 Ignite Poison            Fire/Alch      0%         N/A       100%        4
 Iskenderun's Mystic Bla  Conj/Tloc      0%         2d3       100%        4
 Sticky Flame             Fire/Alch      0%         2d4       100%        4
 Vhi's Electric Charge    Tloc/Air       0%         N/A       100%        4
 Ignition                 Fire           0%         3d3       100%        8


Dungeon Overview and Level Annotations

Branches:
Dungeon (10/15)            Temple (0/1) D:4            Lair (5/5) D:8
 Shoals (1/4) Lair:3       Spider (1/4) Lair:3
  Slime: Lair:4-5       Orc: D:9-12

Altars:
Cheibriados
Gozag
Okawaru
Trog
Uskayaw
Zin

Shops:
D:3 ?

Annotations:
Lair:3 2 transporters, Strat's ghost, journeyman VSNe
Lair:5 exclusion: 4 oklob plants


Innate Abilities, Weirdness & Mutations

You have a pair of horns on your head.
You reflexively headbutt those who attack you in melee.
You are partially covered in iridescent scales. (AC +2)
You are somewhat resistant to further mutation.
You do not regenerate when monsters are visible.


Message History

The merfolk impaler hits you but does no damage.
The water elemental hits you.
The merfolk impaler hits you but does no damage.
The merfolk impaler barely misses you. The water nymph barely misses you.
You furiously retaliate!
You headbutt the water nymph!
The merfolk impaler hits you but does no damage.
The harpy claws you but does no damage. x2
Your unstable footing causes you to fumble your attack.
Your lungs strain for air!
The harpy barely misses you.
The harpy claws you but does no damage. x3
The merfolk impaler hits you but does no damage.
The water elemental barely misses you.
The merfolk impaler hits you but does no damage.
A merfolk avatar comes into view.
The water nymph touches you. The water nymph drowns you!
The merfolk impaler hits you but does no damage.
The harpy claws you. The harpy claws you but does no damage.
The harpy completely misses you. You furiously retaliate!
You headbutt the harpy! You block the harpy's attack.
The merfolk impaler hits you from afar with a +2 trident of freezing!
The merfolk impaler freezes you. The water elemental barely misses you.
You block the merfolk impaler's attack.
Welcome back, tacotaco the Minotaur Fighter.
Okawaru says: Bring me glory in combat!
Press ? for a list of commands and other information.
You closely miss the harpy.
The harpy is heavily wounded.
Your lungs strain for air!
You block the harpy's attack. x2; The harpy claws you but does no damage. x2
The merfolk impaler barely misses you. The water nymph casts a spell at you.
The water swirls and strikes you!
* * * LOW HITPOINT WARNING * * *
The merfolk impaler hits you from afar with a +1 demon trident of venom!
* * * LOW HITPOINT WARNING * * *
The water elemental hits you.
The merfolk impaler hits you from afar with a +2 trident of freezing!
* * * LOW HITPOINT WARNING * * *
The merfolk impaler freezes you.
You die...

~~~~.......~)~
~~~~........~
~~m~~.~~....
~~~~~~~~~~~.
~~~~...~~~##
.....m~~.##.~
#.EH~H~.~~~
#~@~m~..~~
.....H~m~~~~~~~
..##..~H~~~~~~~
#.....~~~~~~
##.....~~..~
#....~~~~.~
....(~~~~~~
....~~~~~~~~


You could see a merfolk avatar, 2 merfolk impalers, a water elemental, a water
nymph and 4 harpies.

Vanquished Creatures
  8 hydras
  2 two-headed ogres
  4 boulder beetles
  4 death yaks
  Nergalle (Lair:3)
  A goliath frog (Lair:5)
  Pikel (D:4)
  A harpy (Lair:3)
  A manticore (D:8)
  An ugly thing (D:8)
  A wolf spider (Lair:3)
  2 cyclopes
  A meliai (Lair:3)
  8 black mambas
  14 elephants
  20 cane toads
  Maggie (Lair:1)
  Jeremiah (D:7)
  5 komodo dragons
  A rime drake (Lair:1)
  A troll (D:10)
  A queen bee (Lair:1)
  A hornet (D:9)
  4 polar bears
  3 tyrant leeches (Lair:5)
  21 blink frogs
  11 dream sheep
  Sigmund (D:3)
  A shadow (D:9)
  A vampire (D:9)
  2 culicivoras (Lair:3)
  48 yaks
  9 wyverns
  2 fire bats (Lair:3)
  3 basilisks
  Eustachio (D:6)
  5 vampire mosquitoes (Lair:5)
  8 water moccasins
  2 acid dragons
  2 ice beasts
  A sky beast (D:7)
  5 black bears
  3 orc warriors
  3 ogres
  16 wolves
  4 centaurs
  2 kobold brigands
  A gnoll sergeant (D:10)
  21 bullfrogs
  20 wights
  38 killer bees
  2 electric eels
  A jelly (D:8)
  A bombardier beetle (D:5)
  A lava snake (Lair:3)
  9 orc priests
  Crazy Yiuf (D:2)
  2 hounds (D:6)
  3 gnoll boudas
  A sleepcap (D:6)
  Ijyb (D:5)
  Natasha (thrice) (D:4)
  3 iguanas
  11 orc wizards
  20 gnolls
  5 adders
  A shadow imp (D:4)
  A white imp (D:6)
  2 ufetubi (D:6)
  5 ribbon worms
  2 dart slugs
  43 orcs
  6 ball pythons
  4 bats (D:1)
  6 endoplasms
  3 giant cockroaches
  10 goblins
  7 hobgoblins
  4 jackals (D:1)
  13 kobolds
  2 quokkas
  3 frilled lizards (D:2)
  3 rats
498 creatures vanquished.

Vanquished Creatures (others)
  An orc (D:8)
1 creature vanquished.

Grand Total: 499 creatures vanquished

Notes
Turn   | Place    | Note
-------+----------+-------------------------------------------
     0 | D:1      | tacotaco the Minotaur Fighter began the quest for the Orb.
     0 | D:1      | Reached XP level 1. HP: 19/19 MP: 0/0
   130 | D:1      | Reached XP level 2. HP: 27/27 MP: 1/1
   595 | D:1      | Reached XP level 3. HP: 30/33 MP: 2/2
   919 | D:1      | Found a faded altar of an unknown god.
  1500 | D:2      | Found a runed translucent door.
  1503 | D:2      | Noticed Crazy Yiuf
  1511 | D:2      | Killed Crazy Yiuf
  1512 | D:2      | Reached XP level 4. HP: 21/40 MP: 3/3
  2039 | D:3      | Found Luabaddi's Magic Scroll Boutique.
  2052 | D:3      | Found an iron altar of Okawaru.
  2067 | D:3      | Became a worshipper of Warmaster Okawaru
  2080 | D:3      | Reached skill level 1 in Maces & Flails
  2097 | D:3      | Found a glowing silver altar of Zin.
  2099 | D:3      | Found a snail-covered altar of Cheibriados.
  2174 | D:3      | Reached XP level 5. HP: 46/46 MP: 4/4
  2280 | D:3      | Noticed Sigmund
  2292 | D:3      | Killed Sigmund
  2292 | D:3      | Reached * piety under Okawaru
  2293 | D:3      | Reached skill level 2 in Maces & Flails
  2293 | D:3      | Reached skill level 5 in Armour
  2293 | D:3      | Reached XP level 6. HP: 49/53 MP: 5/5
  2510 | D:3      | Gained mutation: You are agile. (Dex +4, Str/Int -1)
                  | [potion of mutation]
  2510 | D:3      | Gained mutation: Your spells are a little easier to cast,
                  | but a little less powerful. [potion of mutation]
  2510 | D:3      | Gained mutation: You passively dampen the noise of your
                  | surroundings. [potion of mutation]
  2517 | D:3      | Lost mutation: Your spells are a little easier to cast, but
                  | a little less powerful. [potion of mutation]
  2517 | D:3      | Lost mutation: You passively dampen the noise of your
                  | surroundings. [potion of mutation]
  2517 | D:3      | Lost mutation: You are agile. (Dex +4, Str/Int -1) [potion
                  | of mutation]
  2517 | D:3      | Gained mutation: You are partially covered in iridescent
                  | scales. (AC +2) [potion of mutation]
  2517 | D:3      | Gained mutation: You do not regenerate when monsters are
                  | visible. [potion of mutation]
  2517 | D:3      | Gained mutation: You are somewhat resistant to further
                  | mutation. [potion of mutation]
  2556 | D:4      | Reached skill level 3 in Maces & Flails
  2574 | D:4      | Noticed Pikel
  2601 | D:4      | Killed Pikel
  2601 | D:4      | Reached ** piety under Okawaru
  2602 | D:4      | Reached skill level 5 in Fighting
  2602 | D:4      | Reached skill level 5 in Maces & Flails
  2602 | D:4      | Reached skill level 5 in Shields
  2602 | D:4      | Reached XP level 7. HP: 29/61 MP: 6/6
  2716 | D:4      | Noticed Natasha
  2722 | D:4      | Killed Natasha
  2743 | D:4      | Found a staircase to the Ecumenical Temple.
  2743 | D:4      | Noticed Natasha
  2749 | D:4      | Killed Natasha
  2791 | D:4      | Reached skill level 6 in Maces & Flails
  2942 | D:4      | Reached skill level 1 in Dodging
  2942 | D:4      | Reached XP level 8. HP: 51/69 MP: 7/7
  3061 | D:4      | Noticed Natasha
  3074 | D:4      | Killed Natasha
  3768 | D:4      | Found Geseo's Antique Weapon Shop.
  4022 | D:5      | Entered Level 5 of the Dungeon
  4300 | D:5      | Reached skill level 7 in Maces & Flails
  5059 | D:5      | Reached *** piety under Okawaru
  5060 | D:5      | Reached skill level 8 in Maces & Flails
  5285 | D:5      | Noticed Ijyb
  5296 | D:5      | Killed Ijyb
  5458 | D:6      | Reached XP level 9. HP: 75/75 MP: 8/8
  5646 | D:6      | Reached skill level 5 in Polearms
  6486 | D:6      | Noticed Eustachio
  6495 | D:6      | Killed Eustachio
  6587 | D:7      | Reached **** piety under Okawaru
  6635 | D:7      | Found an opulent altar of Gozag.
  6794 | D:7      | Noticed Jeremiah
  6863 | D:7      | Killed Jeremiah
  7397 | D:8      | Noticed a two-headed ogre
  7403 | D:8      | Killed a two-headed ogre
  7403 | D:8      | Reached ***** piety under Okawaru
  7404 | D:8      | Reached skill level 10 in Armour
  7404 | D:8      | Reached XP level 10. HP: 76/86 MP: 9/9
  7404 | D:8      | Noticed a cyclops
  7407 | D:8      | Noticed a manticore
  7411 | D:8      | Killed a cyclops
  7428 | D:8      | Killed a manticore
  7501 | D:8      | Noticed a purple ugly thing
  7513 | D:8      | Killed a purple ugly thing
  7676 | D:8      | Noticed an elephant
  7686 | D:8      | Killed an elephant
  7725 | D:8      | Received a gift from Okawaru
  7845 | D:8      | Reached skill level 10 in Polearms
  8168 | D:8      | Noticed a boulder beetle
  8188 | D:8      | Killed a boulder beetle
  8189 | D:8      | Reached XP level 11. HP: 60/95 MP: 10/10
  8211 | D:8      | Found a staircase to the Lair.
  8650 | D:9      | Got the Grimoire of Coordinates
  8882 | D:9      | Noticed a two-headed ogre
  8888 | D:9      | Killed a two-headed ogre
  8888 | D:9      | Reached ****** piety under Okawaru
  8951 | D:9      | Acquired the +7 morningstar of the Unseen Realm {speed,
                  | rN++ Stlth+}
  8951 | D:9      | Received a gift from Okawaru
  8953 | D:9      | Acquired the +15 Maxwell's patent armour {-Cast -Tele rElec
                  | Will+ rCorr}
  8953 | D:9      | Received a gift from Okawaru
  8953 | D:9      | Found the +15 Maxwell's patent armour {-Cast -Tele rElec
                  | Will+ rCorr}
  9601 | D:10     | Entered Level 10 of the Dungeon
  9634 | D:10     | Found an opulent altar of Gozag.
  9640 | D:10     | Received a gift from Okawaru
 10028 | Lair:1   | Entered Level 1 of the Lair of Beasts
 10041 | Lair:1   | Reached skill level 9 in Maces & Flails
 10200 | Lair:1   | Reached skill level 10 in Maces & Flails
 10213 | Lair:1   | Received a gift from Okawaru
 10490 | Lair:1   | Reached skill level 10 in Fighting
 10628 | Lair:1   | Reached XP level 12. HP: 96/106 MP: 11/11
 10830 | Lair:1   | Reached skill level 11 in Maces & Flails
 11142 | Lair:2   | Noticed a boulder beetle
 11145 | Lair:2   | Noticed a death yak
 11148 | Lair:2   | Noticed a death yak
 11149 | Lair:2   | Noticed a death yak
 11264 | Lair:2   | Noticed Maggie
 11272 | Lair:1   | Killed a death yak
 11275 | Lair:1   | Received a gift from Okawaru
 11278 | Lair:1   | Killed a death yak
 11295 | Lair:1   | Killed a boulder beetle
 11296 | Lair:1   | Reached skill level 12 in Maces & Flails
 11501 | Lair:1   | Killed a death yak
 11528 | Lair:1   | Killed Maggie
 11583 | Lair:2   | Reached skill level 13 in Maces & Flails
 11905 | Lair:2   | Received a gift from Okawaru
 12214 | Lair:2   | Reached skill level 14 in Maces & Flails
 12263 | Lair:2   | Noticed a death yak
 12269 | Lair:2   | Killed a death yak
 12269 | Lair:2   | Received a gift from Okawaru
 12270 | Lair:2   | Reached XP level 13. HP: 99/116 MP: 12/12
 12864 | Lair:2   | Reached skill level 1 in Stealth
 13517 | Lair:3   | Noticed Nergalle
 13527 | Lair:3   | Killed Nergalle
 13876 | Lair:3   | Found a staircase to the Shoals.
 13938 | Lair:3   | Found a hole to the Spider Nest.
 14117 | Lair:3   | Noticed Strat's ghost (journeyman VSNe)
 14122 | Lair:3   | Found a bloodstained altar of Trog.
 14140 | Lair:3   | Found a transporter.
 14166 | Lair:3   | Found a transporter.
 14297 | Lair:4   | Received a gift from Okawaru
 14298 | Lair:4   | Reached skill level 15 in Maces & Flails
 14618 | Lair:4   | Found a hide-covered altar of Uskayaw.
 15437 | Lair:5   | Entered Level 5 of the Lair of Beasts
 15458 | Lair:5   | Received a gift from Okawaru
 15676 | Lair:4   | Reached skill level 16 in Maces & Flails
 15687 | Lair:4   | Reached skill level 10 in Shields
 15720 | Lair:4   | Received a gift from Okawaru
 15784 | Lair:5   | Reached XP level 14. HP: 107/127 MP: 13/13
 16214 | Lair:5   | Identified the ring "Urchunarr" {Ice rCorr Int+2}
 16314 | Lair:5   | Received a gift from Okawaru
 16672 | Lair:5   | Identified the +1 mace of the Keeping Vulture {antimagic,
                  | rN+ Dex+2}
 16842 | Lair:5   | Found the +7 Throatcutter {drain, coup de grace}
 17467 | Spider:1 | Entered Level 1 of the Spider Nest
 17480 | Lair:3   | Reached skill level 17 in Maces & Flails
 17820 | Shoals:1 | Entered Level 1 of the Shoals
 17840 | Shoals:1 | Upgraded the game from 0.31.0-4-g52a2dc7128 to
                  | 0.31.0-9-g3a7656b989
 17840 | Shoals:1 | HP: 2/130 [merfolk impaler/+2 trident of freezing (12)]
 17840 | Shoals:1 | Slain by a merfolk impaler

Illustrated notes

Levels and vault maps discovered:
D:1:      dpeg_arrival_arbitrary_b, layout_basic,
          chequers_ecumenical_altar_grove, grunt_decor_junction,
          ebering_dispersal_statue_hall
D:2:      minmay_razor_zed, layout_loops_ring, uniq_crazy_yiuf_cottage
D:3:      layout_rooms, mainiacjoe_overflow_boulevard, nicolae_overflow_squiral,
          serial_shops, nicolae_shop_tiny_waterfront, uniq_sigmund
D:4:      layout_gridville, minmay_temple_entry_waves, serial_shops,
          nicolae_shop_statue_plus, grunt_ministairs_14, uniq_pikel,
          uniq_natasha
D:5:      layout_cave_pods, uniq_ijyb
D:6:      layout_basic, uniq_eustachio
D:7:      layout_basic, kennysheep_mini_moat, uniq_jeremiah
D:8:      minmay_distorted_concentric_squares, layout_basic,
          grunt_lair_entry_orc_guard_hut
D:9:      layout_cave_pods
D:10:     wad_woods_stonehenge, layout_layer_cave
Lair:1:   layout_roguey [special_room_bee], special_room,
          chequers_serial_rivers_large_b
Lair:2:   layout_small_grid, st_stairs_13, serial_bayou_shore_b,
          grunt_megastairs_3, infiniplex_staircase_pool_2, lemuel_fruit_fields,
          uniq_maggie
Lair:3:   layout_gridlike, elwin_shoals_entry_rocks,
          hellmonk_spider_entry_not_the_bees, gammafunk_ghost_wrathful_warriors,
          uniq_nergalle
Lair:4:   layout_loops_ring, basic_altar, serial_forest,
          infiniplex_forest_end_double, infiniplex_forest_lined_corner,
          infiniplex_forest_join, infiniplex_forest_straight_2,
          infiniplex_forest_straight_4, infiniplex_forest_lined_1,
          infiniplex_forest_corner_1
Lair:5:   minmay_lair_end_frog_pond, layout_gridlike,
          minmay_slime_entry_oklob_enclosed, st_stairs_13, lookout_lair_type
Shoals:1: layout_shoals, nicolae_shoals_circle_sea_wall, uniq_mlioglotl,
          uniq_frances
Spider:1: layout_cave_pods, ebering_ghost_inner_flame, uniq_rupert

Skill      XL: |  1  2  3  4  5  6  7  8  9 10 11 12 13 14 |
---------------+-------------------------------------------+-----
Armour         | 4 5 6 8 10 11 12 13 14 | 14.9
Shields        | 4 5 7 8 9 10 | 10.9
Fighting       | 4 5 6 7 8 10 11 12 13 | 13.9
Polearms       | 3 4 8 10 11 | 11.9
Maces & Flails | 1 2 5 6 8 10 14 16 17 | 17.0
Dodging        | 1 2 3 4 |  4.0
Stealth        | 1 |  1.8
Long Blades    | |  0.8
Invocations    | |  0.2

Action                     |  1- 3 |  4- 6 |  7- 9 | 10-12 | 13-15 || total
---------------------------+-------+-------+-------+-------+-------++-------
  Melee: Trident           |   116 |       |   230 |   207 |       ||   553
         Headbutt          |    14 |    12 |    64 |   129 |   136 ||   355
         Mace              |       |    85 |   145 |       |       ||   230
         Morningstar       |       |       |       |   346 |   485 ||   831
         Long sword        |       |       |       |       |    45 ||    45
 Invoke: Receive Weapon    |       |       |       |     1 |       ||     1
         Receive Armour    |       |       |       |     1 |       ||     1
         Heroism           |       |       |       |       |     1 ||     1
    Use: Scroll            |     5 |     4 |     8 |     6 |     4 ||    27
         Potion            |     1 |     2 |     7 |       |     6 ||    16
 Armour: Scale mail        |     7 |       |       |       |       ||     7
         Plate armour      |    72 |    90 |   410 |   486 |   603 ||  1661
  Dodge: Dodged            |    25 |    21 |   115 |   220 |   208 ||   589
  Block: Buckler           |    22 |    18 |    82 |   133 |   165 ||   420
